 Dungeon Crawl Stone Soup version 0.30-a0-335-ge5acde7520 (webtiles) character file.

Game seed: 7685266055869575701

535 hikkokomori the Firebug (level 6, -2/45 HPs)
             Began as a Demigod Fire Elementalist on Oct 31, 2022.
             Slain by a scorpion (7 damage)
             ... in an ossuary.
             The game lasted 00:08:50 (4068 turns).

hikkokomori the Firebug (Demigod Fire Elementalist) Turns: 4068, Time: 00:08:51

Health: -2/45      AC:  3    Str:  9    XL:     6   Next: 74%
Magic:  11/22      EV: 12    Int: 25    God:
Gold:   195        SH:  0    Dex: 14    Spells: 2/10 levels left

rFire   + + .      SeeInvis .    s - staff of fire
rCold   . . .      Faith    .    (no shield)
rNeg    . . .      Spirit   .    a - +0 robe
rPois   .          Reflect  .    (no helmet)
rElec   .          Harm     .    (no cloak)
rCorr   .          Rampage  .    m - +0 pair of gloves
Will    .....                    (no boots)
Stlth   +.........               (no amulet)
HPRegen 0.27/turn                h - ring of magical power
MPRegen 0.18/turn                v - ring of protection from fire

@: confused, mighty, lethally poisoned (-2 -> -14), ambrosia-drunk
A: high MP 1, forlorn, divine attributes
a: no special abilities


You were in an ossuary.
You visited 1 branch of the dungeon, and saw 4 of its levels.
You also visited: Ossuary.

You collected 195 gold pieces.

Inventory:

Hand Weapons
 b - a +2 dagger of protection
 e - a +0 dagger
Armour
 a - a +0 robe (worn)
 m - a +0 pair of gloves (worn)
 p - a scarf of harm
Magical Staves
 s - a staff of fire (weapon)
Jewellery
 h - a ring of magical power (left hand)
 q - a ring of see invisible
 v - a ring of protection from fire (right hand)
Wands
 r - a wand of iceblast (6)
Scrolls
 f - a scroll of butterflies {unknown}
 g - 2 scrolls of noise
 i - 4 scrolls of teleportation
 l - a scroll of vulnerability {unknown}
 o - a scroll of magic mapping
 t - a scroll of summoning {unknown}
 u - a scroll of amnesia {unknown}
 w - a scroll of blinking {unknown}
Potions
 k - 2 potions of attraction
 n - a potion of cancellation {unknown}


   Skills:
 - Level 1.7 Dodging
 - Level 1.7 Stealth
 - Level 2.8 Spellcasting
 + Level 3.3 Conjurations
 + Level 2.4 Necromancy
 + Level 4.2 Fire Magic
 + Level 1.8 Air Magic
 + Level 1.8 Poison Magic


You had 2 spell levels left.
You knew the following spells:

 Your Spells              Type           Power      Damage    Failure   Level
a - Foxfire               Conj/Fire      100%       2x1d9     2%          1
b - Scorch                Fire           74%        2d8       2%          2
c - Sublimation of Blood  Necr           15%        N/A       5%          2
d - Mephitic Cloud        Conj/Pois/Air  15%        N/A       12%         3

Your spell library contained the following spells:

 Spells                   Type           Power      Damage    Failure   Level
 Cigotuvi's Dreadful Rot  Necr/Pois/Air  26%        N/A       7%          2
 Poisonous Vapours        Pois/Air       24%        N/A       8%          2
 Wereblood                Tmut           3%         N/A       16%         2
 Inner Flame              Hex/Fire       21%        N/A       13%         3
 Kindle Blastsparks       Fire/Tloc/Air  40%        2d13      13%         3
 Flame Wave               Conj/Fire      33%        2d10      22%         4
 Summon Hydra             Summ           1%         N/A       100%        7


Dungeon Overview and Level Annotations

Branches:
Dungeon (4/15)            Ossuary (1/1)
 Temple: D:4-7

Shops:
D:2 (


Innate Abilities, Weirdness & Mutations

You have an increased reservoir of magic. (+10% MP)
You shall have no god before yourself.
Your divine heritage dramatically boosts your attributes as you level up.


Message History

The scorpion zombie is severely damaged.
The scorpion stings you.
You are poisoned.
The scorpion poisons you!
The centaur zombie hits you but does no damage.
The centaur zombie closely misses you. The scorpion zombie hits you.
You feel much better.
You feel very sick.
The scorpion is no longer more vulnerable to fire.
The scorpion closely misses you.
The centaur zombie closely misses you. x2
The scorpion zombie barely misses you.
It was a potion of might.
You feel very mighty all of a sudden.
You feel sick. The scorpion stings you.
You are more poisoned.
The scorpion poisons you! The centaur zombie hits you.
The centaur zombie kicks you but does no damage.
The scorpion stings you. The centaur zombie hits you.
The centaur zombie kicks you. The scorpion zombie hits you.
* * * LOW HITPOINT WARNING * * *
Your magical contamination has completely faded away.
Unknown command.
You are confused.
You feel invigorated.
* * * LOW HITPOINT WARNING * * *
You feel very sick. The centaur zombie closely misses you.
The centaur zombie kicks you but does no damage.
The scorpion stings you.
* * * LOW HITPOINT WARNING * * *
The scorpion zombie hits you.
* * * LOW HITPOINT WARNING * * *
Unknown command.
You closely miss the scorpion.
The scorpion is moderately wounded.
* * * LOW HITPOINT WARNING * * *
You feel very sick. The centaur zombie misses you.
The centaur zombie barely misses you. The scorpion stings you!
You die...

.....#.....'...#...8...#
.....8.....#...#.......#
...........######8...8##
...........#M!.#.......#
#8.....8###=.!#...8...#
...........#.!?#...#...#
...........##'###'######
.....8.....#Z..#...#...#
.....#.....@s..#.∩.'.∩.#
.....#.....#Z..#...#...#
#### ###################


You could see a scorpion, a scorpion zombie (combustible) and a centaur zombie.

Vanquished Creatures
  3 scorpions (Ossuary)
  2 centaur zombies (Ossuary)
  A hound (D:3)
  A human zombie (Ossuary)
  3 scorpion zombies (Ossuary)
  A mummy (Ossuary)
  3 gnolls (D:3)
  3 adders
  2 worms (D:3)
  A dart slug (D:2)
  4 orcs (D:3)
  5 bats
  5 endoplasms
  4 giant cockroaches
  8 hobgoblins
  2 jackals (D:3)
  7 kobolds
  3 quokkas
  8 ball pythons
  3 frilled lizards (D:1)
  8 goblins
  A goblin zombie (Ossuary)
  2 hobgoblin zombies (Ossuary)
  2 orc zombies (Ossuary)
  4 rats
86 creatures vanquished.

Vanquished Creatures (others)
  38 foxfires
38 creatures vanquished.

Grand Total: 124 creatures vanquished

Notes
Turn   | Place    | Note
-------+----------+-------------------------------------------
     0 | D:1      | hikkokomori the Demigod Fire Elementalist began the quest
                  | for the Orb.
     0 | D:1      | Reached XP level 1. HP: 14/14 MP: 5/5
    33 | D:1      | Reached skill level 1 in Conjurations
   250 | D:1      | Reached XP level 2. HP: 15/20 MP: 4/7
   325 | D:1      | Learned a level 2 spell: Scorch
   475 | D:1      | Reached skill level 3 in Fire Magic
  1097 | D:2      | Reached XP level 3. HP: 26/26 MP: 0/9
  1296 | D:2      | Learned a level 2 spell: Sublimation of Blood
  1433 | D:2      | Found Qunwev's Weapon Emporium.
  2216 | D:3      | Reached XP level 4. HP: 21/33 MP: 3/10
  2346 | D:3      | Reached skill level 1 in Necromancy
  2790 | D:3      | Reached XP level 5. HP: 38/38 MP: 12/12
  3337 | D:4      | Learned a level 3 spell: Mephitic Cloud
  3337 | D:4      | Found a sand-covered staircase.
  3426 | Ossuary  | Entered an ossuary
  3697 | Ossuary  | Reached skill level 1 in Air Magic
  3697 | Ossuary  | Reached skill level 1 in Poison Magic
  3701 | Ossuary  | Reached skill level 4 in Fire Magic
  3701 | Ossuary  | Reached XP level 6. HP: 35/45 MP: 6/13
  4068 | Ossuary  | Slain by a scorpion

Illustrated notes

Levels and vault maps discovered:
D:1:      lightli_arrival_chessboard, layout_loops_cross,
          minmay_misc_feat_alley, minmay_misc_feat_hallway
D:2:      layout_basic, basic_ecumenical_altar, basic_altar, serial_shops, shop
D:3:      layout_basic, minmay_pentomino_pile
D:4:      layout_basic, elyvilon_altar_5, nicolae_ossuary_entry_ruins,
          palyth_stone_intersect, uniq_edmund
Ossuary:  ossuary_minmay_scorpions

Skill      XL: |  1  2  3  4  5  6 |
---------------+-------------------+-----
Conjurations   | 1 2 3 |  3.3
Spellcasting   | 2 |  2.8
Fire Magic     | 3 4 |  4.2
Necromancy     | 1 2 |  2.4
Air Magic      | 1 |  1.8
Poison Magic   | 1 |  1.8
Dodging        | |  1.7
Stealth        | |  1.7

Action                   |  1- 3 |  4- 6 || total
-------------------------+-------+-------++-------
Melee: Dagger            |    42 |    27 ||    69
       Unarmed           |     3 |       ||     3
       Staff             |       |     1 ||     1
 Cast: Foxfire           |    18 |     8 ||    26
       Scorch            |    53 |    60 ||   113
       Sublimation of Bl |       |     1 ||     1
  Use: Scroll            |     2 |     4 ||     6
       Potion            |     2 |     4 ||     6
 Stab: Sleeping          |     2 |       ||     2
Armor: Robe              |    20 |    19 ||    39
       Skin              |       |    20 ||    20
Dodge: Dodged            |    62 |    54 ||   116

Table legend: (Time is in decaauts)
 A = Elapsed time spent in this place.
 B = Non-inter-level travel time spent in this place.
 C = Inter-level travel time spent in this place.
 D = Time resting spent in this place.
 E = Time spent auto-exploring this place.
 F = Levels seen in this place.
 G = Mean time per level.
                   A        B        C        D        E       F      G
               +--------+--------+--------+--------+--------+-----+--------+
         Total |   4065 |   4030 |     35 |    623 |   2764 |   5 |  813.0 |
       Dungeon |   3423 |   3388 |     35 |    309 |   2512 |   4 |  855.8 |
       Ossuary |    641 |    641 |      0 |    314 |    252 |   1 |  641.0 |
               +--------+--------+--------+--------+--------+-----+--------+

Top non-repeatable levels by time:
     D:3: 1540 daAuts
     D:1: 975 daAuts
     D:2: 754 daAuts
 Ossuary: 641 daAuts
     D:4: 152 daAuts
